 Dungeon Crawl Stone Soup version 0.26.1-11-gd32895ea62 (webtiles) character file.

Game seed: 12245891074237831635

51 Kalagan26 the Digger (level 3, 0/20 HPs)
             Began as a Gargoyle Earth Elementalist on June 23, 2021.
             Slain by a gnoll
             ... wielding a +0 spear
              (2 damage)
             ... on level 2 of the Dungeon.
             The game lasted 00:06:27 (2134 turns).

Kalagan26 the Digger (Gargoyle Earth Elementalist)  Turns: 2134, Time: 00:06:28

Health: 0/20       AC:  5    Str: 11    XL:     3   Next: 81%
Magic:  4/6        EV: 12    Int: 16    God:
Gold:   27         SH:  0    Dex: 10    Spells: 5/6 levels left

rFire    . . .     SeeInvis .   (no weapon)
rCold    . . .     Faith    .   (no shield)
rNeg     + . .     Spirit   .   c - +0 robe
rPois    ∞         Reflect  .   (no helmet)
rElec    +         Harm     .   (no cloak)
rCorr    .         Rampage  .   (no gloves)
Will     .....                  (no boots)
Stlth    ++........             (no amulet)
HPRegen  0.06/turn              (no ring)
MPRegen  0.10/turn              (no ring)

@: no status effects
A: negative energy resistance 1, electricity resistance, unbreathing,
petrification resistance, miasma immunity, AC +3
a: no special abilities


You were on level 2 of the Dungeon.
You visited 1 branch of the dungeon, and saw 3 of its levels.

You collected 27 gold pieces.

Inventory:

Hand Weapons
 g - a +2 hand axe of venom
Missiles
 b - 79 stones
 f - 22 sling bullets
Armour
 c - a +0 robe (worn)
Jewellery
 i - a +6 ring of dexterity {unknown}
Scrolls
 d - 2 scrolls of remove curse {unknown}
 h - a scroll of enchant weapon {unknown}
 j - a scroll of enchant armour {unknown}
Potions
 a - 2 potions of might {unknown}
 e - 4 potions of curing {unknown}


   Skills:
 * Level 1.0 Fighting
 - Level 1.5 Dodging
 - Level 2.1 Stealth
 + Level 0.1 Unarmed Combat
 + Level 2.2 Spellcasting
 - Level 0.7 Transmutations
 * Level 5.1 Earth Magic


You had 5 spell levels left.
You knew the following spells:

 Your Spells              Type           Power        Failure   Level
a - Sandblast             Erth           36%          2%          1

Your spell library contained the following spells:

 Spells                   Type           Power        Failure   Level
 Passwall                 Tmut/Erth      9%           9%          2
 Stone Arrow              Conj/Erth      20%          22%         3
 Petrify                  Tmut/Erth      11%          52%         4
 Lee's Rapid Deconstruct  Erth           9%           56%         5


Dungeon Overview and Level Annotations

Branches:
Dungeon (3/15)

Altars:


Innate Abilities, Weirdness & Mutations

You are resistant to torment.
Your stone body is resilient. (AC +3)
You are immune to poison.
You resist negative energy. (rN+)
You are resistant to electric shocks. (rElec)
You can survive without breathing.
You are immune to petrification.
You are immune to miasma.


Message History

Press: ? - help, Q - select action, (/) - cycle Shift-Dir - straight line, f - gnoll
Aim: a gnoll, wielding a +0 halberd (18% to evade)
Okay, then.
Aiming: Sandblast (safe; 2% risk of failure)
Press: ? - help, Q - select action, (/) - cycle Shift-Dir - straight line, f - gnoll
Aim: a gnoll, wielding a +0 halberd (18% to evade)
The blast of sand hits the gnoll.
The gnoll is moderately wounded.
The gnoll closely misses you.
The gnoll hits you from afar with a +0 spear.
* * * LOW HITPOINT WARNING * * *
Aiming: Sandblast (safe; 2% risk of failure)
Press: ? - help, Q - select action, (/) - cycle Shift-Dir - straight line, f/p - gnoll
Aim: a gnoll, wielding a +0 halberd (moderately wounded, 18% to evade)
The blast of sand hits the gnoll.
The gnoll is heavily wounded.
The gnoll hits you with a +0 halberd.
* * * LOW HITPOINT WARNING * * *
The gnoll hits you from afar with a +0 spear.
You die...

#########
#...^...#
#.......#
#######
#..?....###
......#
#..........
......#
#.......#
......#
#.@g....#
......#
####g####
......# #.#
......# #g#
......##########
#.#
............<..#
#.#
......#####....#
#.# ####.##
##...# #.#
#.#######...#
#.#


You could see 2 gnolls.

Vanquished Creatures
  A gnoll (D:2)
  2 worms (D:2)
  A dart slug (D:2)
  A leopard gecko (D:2)
  5 goblins
  5 hobgoblins
  A jackal (D:2)
  5 kobolds
  A quokka (D:2)
  A bat (D:1)
  3 frilled lizards (D:2)
  5 rats
31 creatures vanquished.

Notes
Turn   | Place    | Note
-------+----------+-------------------------------------------
     0 | D:1      | Kalagan26 the Gargoyle Earth Elementalist began the quest
                  | for the Orb.
     0 | D:1      | Reached XP level 1. HP: 10/10 MP: 3/3
   288 | D:1      | Reached skill level 4 in Earth Magic
   462 | D:1      | Reached XP level 2. HP: 16/16 MP: 1/5
  1001 | D:2      | Reached XP level 3. HP: 20/20 MP: 1/6
  1815 | D:2      | Reached skill level 5 in Earth Magic
  1828 | D:2      | Reached skill level 1 in Fighting
  2134 | D:2      | Slain by a gnoll

Illustrated notes

Levels and vault maps discovered:
D:1:      saegor_arrival_simple_b, layout_loops_ring
D:2:      layout_rooms, grunt_decor_junction, lemuel_statue_altar
D:3:      layout_basic, gammafunk_ghost_split

Skill      XL: |  1  2  3 |
---------------+----------+-----
Earth Magic    | 4 5 |  5.1
Fighting       | 1 |  1.0
Dodging        | |  1.5
Stealth        | |  2.1
Unarmed Combat | |  0.1
Spellcasting   | |  2.2
Transmutations | |  0.7

Action                   || total
-------------------------++-------
Melee: Unarmed           ||     5
 Cast: Sandblast         ||    52
Armor: Robe              ||     2
Dodge: Dodged            ||    17
